 Dungeon Crawl Stone Soup version 0.19.5 (webtiles) character file.

867 Kisielow the Carver (level 7, -10/61 HPs)
             Began as a Minotaur Fighter on May 10, 2017.
             Mangled by an ogre
             ... wielding a +0 giant spiked club
              (20 damage)
             ... on level 4 of the Dungeon.
             The game lasted 00:05:49 (3410 turns).

Kisielow the Carver (Minotaur Fighter)              Turns: 3410, Time: 00:05:50

Health: -10/61     AC:  9    Str: 22    XL:     7   Next: 73%
Magic:  6/6        EV:  6    Int:  5    God:
Gold:   218        SH: 11    Dex: 10    Spells: 0 memorised, 6 levels left

rFire  . . .     SeeInvis .     a - +0 long sword
rCold  . . .     Gourm    .     i - +0 chain mail
rNeg   . . .     Faith    .     c - +1 shield
rPois  .         Spirit   .     (helmet restricted)
rElec  .         Reflect  .     (no cloak)
rCorr  .         Harm     .     (no gloves)
MR     .....                    (no boots)
Stlth  ..........               (no amulet)
                                (no ring)
                                (no ring)

@: no status effects
A: retaliatory headbutt, horns 2
a: no special abilities


You were on level 4 of the Dungeon.
You were not hungry.

You visited 1 branch of the dungeon, and saw 4 of its levels.

You collected 218 gold pieces.

Inventory:

Hand Weapons
 a - a +0 long sword (weapon)
Armour
 c - a +1 shield (worn)
 i - a +0 chain mail (worn)
Scrolls
 b - a scroll of amnesia
 d - a scroll of remove curse {unknown}
 e - a scroll of blinking
 n - 3 scrolls of fear
 o - a scroll of enchant weapon {unknown}
 p - a scroll of noise {unknown}
Potions
 h - 5 potions of curing {unknown}
 k - a potion of invisibility {unknown}
 l - a potion of magic {unknown}
 m - a potion of heal wounds {unknown}
 r - a potion of degeneration {unknown}
Comestibles
 f - a bread ration
 g - 2 meat rations
 j - 2 beef jerkies


   Skills:
 + Level 5.1 Fighting
 * Level 8.4 Long Blades
 + Level 5.2 Armour
 + Level 5.5 Shields


You had 6 spell levels left.
You didn't know any spells.

Dungeon Overview and Level Annotations

Branches:
Dungeon (4/15)
 Temple: D:4-7

Altars:
Sif Muna


Innate Abilities, Weirdness & Mutations

You reflexively headbutt those who attack you in melee.
You have a pair of horns on your head.


Message History

You hit the ogre but do no damage.
The ogre is lightly wounded.
The ogre hits you with a giant spiked club!!
* * * LOW HITPOINT WARNING * * *
You are too injured to fight recklessly!
You are too injured to fight recklessly!
You are too injured to fight recklessly!
You are too injured to fight recklessly!
You are too injured to fight recklessly!
You are too injured to fight recklessly!
You are too injured to fight recklessly!
You are too injured to fight recklessly!
You are too injured to fight recklessly!
You are too injured to fight recklessly!
You are too injured to fight recklessly!
Your chain mail prevents you from hitting the ogre.
You headbutt the ogre, but do no damage.
The ogre is lightly wounded.
The ogre hits you with a giant spiked club!!
You die...

###### #..... #.####
#.# #.# ########+##
#.#
..........#########.#
..........'.........#
......O@.(###########
.......$..#
..........#
..........#
..........#
..!.(.....#
###########


You could see an ogre.

Vanquished Creatures
  Grinder (D:3)
  Sigmund (D:2)
  An ogre (D:4)
  A jelly (D:3)
  A hound (D:4)
  2 orc priests (D:4)
  Crazy Yiuf (D:3)
  An orc wizard (D:4)
  Jessica (D:3)
  2 worker ants (D:4)
  A worker ant zombie (D:3)
  3 gnolls (D:3)
  A howler monkey skeleton (D:4)
  7 adders
  3 leopard geckos
  2 orcs (D:4)
  A ball python (D:2)
  3 bats
  3 giant cockroaches
  7 goblins
  8 hobgoblins
  2 jackals (D:3)
  5 kobolds
  A quokka (D:3)
  4 frilled lizards
  17 rats
80 creatures vanquished.

Notes
Turn   | Place    | Note
-------+----------+-------------------------------------------
     0 | D:1      | Kisielow the Minotaur Fighter began the quest for the Orb.
     0 | D:1      | Reached XP level 1. HP: 19/19 MP: 0/0
    72 | D:1      | Reached skill level 3 in Long Blades
   171 | D:1      | Reached XP level 2. HP: 26/26 MP: 1/1
   424 | D:1      | Reached skill level 4 in Long Blades
   781 | D:2      | Reached XP level 3. HP: 31/31 MP: 2/2
  1095 | D:2      | Noticed Sigmund
  1108 | D:2      | Killed Sigmund
  1108 | D:2      | Reached skill level 7 in Long Blades
  1108 | D:2      | Reached XP level 4. HP: 39/39 MP: 3/3
  1108 | D:2      | Reached XP level 5. HP: 45/45 MP: 4/4
  1427 | D:2      | Found a deep blue altar of Sif Muna.
  1560 | D:3      | Reached XP level 6. HP: 13/52 MP: 5/5
  1994 | D:3      | Found a runed door.
  2062 | D:3      | Noticed Grinder
  2133 | D:3      | Paralysed by Grinder for 2 turns
  2146 | D:3      | Killed Grinder
  2146 | D:3      | Reached XP level 7. HP: 24/60 MP: 6/6
  2360 | D:3      | Noticed Jessica
  2366 | D:3      | Killed Jessica
  2366 | D:3      | Reached skill level 5 in Shields
  2650 | D:3      | Noticed Crazy Yiuf
  2662 | D:3      | Killed Crazy Yiuf
  2712 | D:4      | Reached skill level 8 in Long Blades
  2968 | D:4      | Reached skill level 5 in Armour
  2974 | D:4      | Reached skill level 5 in Fighting
  3410 | D:4      | Mangled by an ogre

Skill      XL: |  1  2  3  4  5  6  7 |
---------------+----------------------+-----
Long Blades    | 3 4 7 8 |  8.4
Shields        | 4 5 |  5.5
Fighting       | 4 5 |  5.1
Armour         | 4 5 |  5.2

Action                   |  1- 3 |  4- 6 |  7- 9 || total
-------------------------+-------+-------+-------++-------
Melee: Long sword        |    88 |    76 |    65 ||   229
       Headbutt          |    12 |    10 |    15 ||    37
  Use: Scroll            |       |     6 |       ||     6
       Potion            |       |     1 |       ||     1
  Eat: Chunk             |     1 |     3 |     4 ||     8
Armor: Scale mail        |    28 |       |       ||    28
       Chain mail        |     1 |    33 |    15 ||    49
Dodge: Dodged            |    18 |     5 |    12 ||    35
Block: Shield            |    39 |    25 |    19 ||    83
       Rpst.: Long sword |     6 |     1 |     2 ||     9
